2459 views
Uploaded 2021-08-12 00:40:00
Game version 1.32.10
28:20 long 1on1 ladder game on (2)LastRefuge
Saved by aom
2459 views
Uploaded 2021-08-12 00:40:00
Game version 1.32.10
28:20 long 1on1 ladder game on (2)LastRefuge

39 units @ 6.1k
/ 0.8k
14 buildings @ 2.2k
/ 0.9k



| Rod of Necromancy | 4 | 600 |
| Ritual Dagger | 1 | 125 |
| Orb of Corruption | 1 | 375 |
| Potion of Healing | 1 | 150 |
| Scroll of Healing | 1 | 250 |
| Circlet of Nobility | 1 | 175 |
| Scroll of Protection | 1 | 150 |
| Potion of Lesser Invulnerability | 1 | 150 |
| total: | 11 | 1975g |
| Acolyte | 10 | 750 | / | 0 |
| Ghoul | 7 | 840 | / | 0 |
| Gargoyle | 5 | 875 | / | 150 |
| Obsidian Statue | 6 | 1200 | / | 210 |
| Crypt Fiend | 7 | 1505 | / | 280 |
| Goblin Shredder | 1 | 375 | / | 100 |
| Forest Troll Shadow Priest | 1 | 195 | / | 10 |
| Mud Golem | 1 | 145 | / | 10 |
| Forest Troll Berserker | 1 | 245 | / | 30 |
| total: | 39 | 6130g | / | 790w |
| Nerubian Tower | 3 | 300 | / | 60 |
| Spirit Tower | 1 | 145 | / | 40 |
| Altar of Darkness | 1 | 180 | / | 50 |
| Ziggurat | 6 | 900 | / | 300 |
| Crypt | 1 | 200 | / | 50 |
| Tomb of Relics | 1 | 130 | / | 30 |
| Necropolis | 1 | 225 | / | 0 |
| Graveyard | 1 | 215 | / | 0 |
| Slaughterhouse | 1 | 140 | / | 135 |
| Sacrificial Pit | 1 | 75 | / | 150 |
| Boneyard | 1 | 175 | / | 200 |
| Halls of the Dead | 2 | 640 | / | 420 |
| Black Citadel | 1 | 325 | / | 230 |
| total: | 14 | 2240g | / | 915w |
| 0:04 | Acolyte |
| 0:05 | Altar of Darkness |
| 0:06 | Ziggurat |
| 0:09 | Acolyte |
| 0:21 | Acolyte |
| 0:31 | Crypt |
| 0:51 | Tomb of Relics |
| 1:33 | Ghoul |
| 1:33 | Ghoul |
| 1:50 | Necropolis |
| 1:57 | Ghoul |
| 2:03 | Rod of Necromancy |
| 2:04 | Rod of Necromancy |
| 2:10 | Sleep |
| 3:01 | Halls of the Dead |
| 3:13 | Ziggurat |
| 3:15 | Nerubian Tower |
| 3:21 | Ritual Dagger |
| 4:41 | Ghoul |
| 4:42 | Cannibalize |
| 4:49 | Halls of the Dead |
| 5:01 | Ziggurat |
| 5:03 | Ziggurat |
| 5:23 | Ghoul |
| 5:29 | Graveyard |
| 6:45 | Nerubian Tower |
| 6:54 | Vampiric Aura |
| 7:17 | Gargoyle |
| 7:20 | Slaughterhouse |
| 7:22 | Sacrificial Pit |
| 7:29 | Creature Attack |
| 7:38 | Rod of Necromancy |
| 7:48 | Carrion Beetles |
| 8:09 | Gargoyle |
| 8:41 | Black Citadel |
| 8:51 | Goblin Shredder |
| 9:19 | Obsidian Statue |
| 9:25 | Acolyte |
| 9:30 | Vampiric Aura |
| 9:53 | Gargoyle |
| 9:53 | Gargoyle |
| 9:57 | Forest Troll Shadow Priest |
| 9:58 | Mud Golem |
| 10:15 | Forest Troll Berserker |
| 11:00 | Spiked Carapace |
| 11:16 | Ziggurat |
| 11:29 | Ziggurat |
| 11:45 | Ghoul |
| 11:45 | Ghoul |
| 11:47 | Ghoul Frenzy |
| 12:30 | Destroyer Form |
| 12:30 | Obsidian Statue |
| 13:01 | Unholy Armor |
| 13:17 | Circlet of Nobility |
| 13:25 | Carrion Beetles |
| 13:29 | Sleep |
| 13:32 | Scroll of Protection |
| 13:42 | Death Coil |
| 14:13 | Obsidian Statue |
| 14:16 | Spirit Tower |
| 16:15 | Gargoyle |
| 16:19 | Impale |
| 16:30 | Obsidian Statue |
| 16:49 | Acolyte |
| 16:49 | Acolyte |
| 16:57 | Acolyte |
| 16:58 | Acolyte |
| 17:51 | Crypt Fiend |
| 17:54 | Web |
| 18:01 | Obsidian Statue |
| 18:01 | Obsidian Statue |
| 18:52 | Vampiric Aura |
| 19:14 | Crypt Fiend |
| 19:17 | Crypt Fiend |
| 19:43 | Death Pact |
| 20:27 | Impale |
| 20:45 | Creature Carapace |
| 21:10 | Crypt Fiend |
| 21:12 | Acolyte |
| 22:31 | Acolyte |
| 22:34 | Crypt Fiend |
| 22:42 | Boneyard |
| 23:19 | Orb of Corruption |
| 23:20 | Rod of Necromancy |
| 23:27 | Potion of Healing |
| 24:14 | Crypt Fiend |
| 24:14 | Crypt Fiend |
| 24:30 | Improved Creature Carapace |
| 25:28 | Scroll of Healing |
| 25:29 | Potion of Lesser Invulnerability |
| 27:11 | Death Pact |
| Select group | 1632 |
| Right click | 844 |
| Select | 620 |
| Misc. action | 154 |
| Build/train/purchase | 112 |
| Use ability | 59 |
| Assign group | 51 |
| Chat | 18 |
| Remove unit | 5 |
| Item give/drop | 3 |
| Minimap ping | 2 |
51 units @ 7.9k
/ 1.2k
17 buildings @ 3.6k
/ 1.5k


| Healing Salve | 3 | 300 |
| Lesser Clarity Potion | 5 | 350 |
| Scroll of Speed | 1 | 50 |
| Potion of Healing | 6 | 900 |
| Potion of Mana | 1 | 200 |
| Scroll of Town Portal | 3 | 1050 |
| Potion of Lesser Invulnerability | 2 | 300 |
| total: | 21 | 3150g |
| Peon | 9 | 675 | / | 0 |
| Troll Headhunter | 13 | 1820 | / | 260 |
| Spirit Walker | 5 | 975 | / | 175 |
| Troll Batrider | 5 | 800 | / | 200 |
| Kodo Beast | 1 | 255 | / | 60 |
| Troll Berserker | 12 | 1680 | / | 240 |
| Wind Rider | 5 | 1325 | / | 200 |
| Goblin Shredder | 1 | 375 | / | 100 |
| total: | 51 | 7905g | / | 1235w |
| Watch Tower | 1 | 110 | / | 80 |
| Altar of Storms | 1 | 180 | / | 50 |
| Orc Burrow | 5 | 800 | / | 200 |
| War Mill | 1 | 205 | / | 0 |
| Barracks | 1 | 180 | / | 50 |
| Voodoo Lounge | 2 | 260 | / | 60 |
| Great Hall | 4 | 1540 | / | 740 |
| Tauren Totem | 1 | 135 | / | 155 |
| Beastiary | 1 | 145 | / | 140 |
| Stronghold | 1 | 315 | / | 190 |
| Fortress | 1 | 325 | / | 190 |
| total: | 17 | 3555g | / | 1475w |
| 0:02 | Peon |
| 0:02 | Peon |
| 0:05 | Altar of Storms |
| 0:18 | Orc Burrow |
| 0:20 | Peon |
| 0:36 | Peon |
| 0:49 | War Mill |
| 0:57 | Peon |
| 1:17 | Barracks |
| 1:21 | Peon |
| 1:35 | Peon |
| 1:45 | Orc Burrow |
| 1:55 | Peon |
| 2:06 | Feral Spirit |
| 2:18 | Troll Headhunter |
| 2:22 | Troll Headhunter |
| 2:59 | Troll Headhunter |
| 3:08 | Troll Headhunter |
| 3:11 | Stronghold |
| 3:43 | Troll Headhunter |
| 3:53 | Orc Burrow |
| 4:09 | Troll Headhunter |
| 4:22 | Troll Headhunter |
| 4:24 | Voodoo Lounge |
| 4:25 | Steel Ranged Weapons |
| 4:35 | Chain Lighting |
| 5:41 | Tauren Totem |
| 5:58 | Feral Spirit |
| 6:05 | Beastiary |
| 6:30 | Healing Salve |
| 6:31 | Lesser Clarity Potion |
| 6:31 | Scroll of Speed |
| 6:41 | Peon |
| 7:10 | War Stomp |
| 7:18 | Great Hall |
| 7:36 | Spirit Walker |
| 7:40 | Spirit Walker Adept Training |
| 7:42 | Spirit Walker |
| 7:43 | Spirit Walker Master Training |
| 7:46 | Orc Burrow |
| 7:52 | Endurance Aura |
| 7:55 | Troll Regeneration |
| 8:21 | Spirit Walker |
| 8:43 | Thorium Ranged Weapons |
| 8:56 | Watch Tower |
| 9:11 | War Stomp |
| 9:12 | Goblin Shredder |
| 9:31 | Troll Batrider |
| 10:26 | Potion of Lesser Invulnerability |
| 10:35 | Troll Batrider |
| 10:35 | Troll Batrider |
| 10:45 | Fortress |
| 10:48 | Steel Armor |
| 10:50 | Reinforced Defenses |
| 10:53 | Troll Batrider |
| 11:47 | Chain Lighting |
| 12:21 | Troll Headhunter |
| 12:21 | Troll Headhunter |
| 12:27 | Spirit Walker |
| 12:47 | Healing Salve |
| 12:51 | Scroll of Town Portal |
| 12:56 | Troll Headhunter |
| 13:05 | Orc Burrow |
| 13:08 | Troll Headhunter |
| 13:10 | Arcanite Ranged Weapons |
| 13:12 | Kodo Beast |
| 13:12 | War Drums Damage Increase |
| 14:14 | Troll Headhunter |
| 14:14 | Berserker Upgrade |
| 14:30 | Liquid Fire |
| 14:35 | Troll Headhunter |
| 14:45 | Endurance Aura |
| 15:59 | Spirit Walker |
| 16:01 | Troll Berserker |
| 16:01 | Troll Berserker |
| 16:02 | Troll Batrider |
| 16:16 | Potion of Healing |
| 16:22 | Troll Berserker |
| 16:22 | Troll Berserker |
| 16:51 | Wind Rider |
| 16:51 | Wind Rider |
| 16:52 | Troll Berserker |
| 16:52 | Troll Berserker |
| 16:58 | Thorium Armor |
| 17:04 | Lesser Clarity Potion |
| 17:04 | Lesser Clarity Potion |
| 17:10 | Potion of Healing |
| 17:19 | Potion of Healing |
| 17:41 | Great Hall |
| 18:27 | Feral Spirit |
| 18:39 | Great Hall |
| 19:51 | War Stomp |
| 19:52 | War Stomp |
| 19:52 | War Stomp |
| 19:52 | War Stomp |
| 19:52 | War Stomp |
| 19:53 | War Stomp |
| 19:53 | War Stomp |
| 19:53 | War Stomp |
| 19:53 | War Stomp |
| 19:53 | War Stomp |
| 19:54 | War Stomp |
| 19:56 | War Stomp |
| 19:56 | War Stomp |
| 19:57 | War Stomp |
| 20:38 | Healing Salve |
| 20:45 | Lesser Clarity Potion |
| 20:45 | Lesser Clarity Potion |
| 20:51 | Scroll of Town Portal |
| 20:58 | Troll Berserker |
| 21:00 | Wind Rider |
| 21:13 | Potion of Lesser Invulnerability |
| 22:01 | Reincarnation |
| 22:02 | Earth Quake |
| 22:08 | Great Hall |
| 23:01 | Troll Berserker |
| 23:14 | Troll Berserker |
| 23:55 | Troll Berserker |
| 25:16 | Voodoo Lounge |
| 26:41 | Troll Berserker |
| 26:41 | Troll Berserker |
| 26:42 | Wind Rider |
| 26:42 | Wind Rider |
| 26:55 | Potion of Healing |
| 26:57 | Potion of Healing |
| 27:25 | Potion of Healing |
| 27:31 | Potion of Mana |
| 27:54 | Scroll of Town Portal |
| Right click | 1064 |
| Select group | 870 |
| Select | 637 |
| Build/train/purchase | 171 |
| Misc. action | 66 |
| Use ability | 49 |
| Assign group | 46 |
| Chat | 27 |
| Item give/drop | 8 |
| Remove unit | 4 |
| Esc | 1 |